 Dungeon Crawl Stone Soup version 0.30.0-29-ga12c61a403 (webtiles) character file.

Game seed: 10912336331152953247

385 ChadusMaximus the Summoner (level 6, -7/41 HPs)
             Began as a Barachi Summoner on June 24, 2023.
             Mangled by an iguana (9 damage)
             ... on level 5 of the Dungeon.
             The game lasted 00:04:53 (3793 turns).

ChadusMaximus the Summoner (Barachi Summoner)       Turns: 3793, Time: 00:04:53

Health: -7/41      AC:  3    Str:  9    XL:     6   Next: 77%
Magic:  12/12      EV: 12    Int: 17    God:
Gold:   168        SH:  0    Dex: 13    Spells: 7/13 levels left

rFire   . . .        v - +2 battleaxe (elec)
rCold   . . .        (shield currently unavailable)
rNeg    . . .        a - +0 robe
rPois   .            (no helmet)
rElec   .            (no cloak)
rCorr   .            t - +0 pair of gloves
SInv    .            (no boots)
Will    .....        e - amulet of regeneration
Stlth   ++           (no ring)
HPRegen 1.06/turn    (no ring)
MPRegen 0.13/turn

%: no passive effects
@: slow
A: amphibious, slowness 1, strong legs 1, +LOS
a: Hop


You were on level 5 of the Dungeon.
You visited 1 branch of the dungeon, and saw 5 of its levels.

You collected 168 gold pieces.

Inventory:

Hand Weapons
 g - a +0 mace
 v - a +2 battleaxe of electrocution (weapon)
Armour
 a - a +0 robe (worn)
 i - a +0 buckler
 p - an orb of light
 t - a +0 pair of gloves (worn)
Jewellery
 e - an amulet of regeneration (around neck)
Wands
 y - a wand of flame (22)
Scrolls
 c - 4 scrolls of identify {unknown}
 d - 3 scrolls of poison {unknown}
 h - a scroll of noise {unknown}
 j - a scroll of fear {unknown}
 l - 2 scrolls of fog {unknown}
 m - a scroll of enchant armour {unknown}
 o - a scroll of blinking {unknown}
 r - 2 scrolls of teleportation {unknown}
Potions
 b - a potion of magic
 f - 4 potions of lignification {unknown}
 k - a potion of degeneration {unknown}
 n - 2 potions of berserk rage {unknown}
 q - a potion of attraction {unknown}
 s - a potion of might {unknown}
 u - a potion of cancellation {unknown}
 w - a potion of mutation {unknown}
 x - a potion of haste {unknown}


   Skills:
 - Level 2.2 Dodging
 - Level 1.7 Stealth
 + Level 4.3 Spellcasting
 * Level 8.2 Summonings


You had 7 spell levels left.
You knew the following spells:

 Your Spells              Type           Power      Damage    Failure   Level
a - Summon Small Mammal   Summ           100%       N/A       1%          1
b - Call Canine Familiar  Summ           31%        N/A       1%          3
c - Call Imp              Summ           62%        N/A       1%          2

Your spell library contained the following spells:

 Spells                   Type           Power      Damage    Failure   Level
 Summon Guardian Golem    Hex/Summ       17%        N/A       9%          3
 Freeze                   Ice            12%        1d3       16%         1
 Summon Lightning Spire   Summ/Air       17%        N/A       28%         4
 Frozen Ramparts          Ice            6%         1d1       41%         3
 Hailstorm                Conj/Ice       3%         3d3       41%         3


Dungeon Overview and Level Annotations

Branches:
Dungeon (5/15)
 Temple: D:4-7

Altars:
Kikubaaqudgha

Annotations:
D:5 Ijyb


Innate Abilities, Weirdness & Mutations

You are amphibious.
You cover ground slowly.
You can hop short distances.
You have an extended range of vision and can be seen from far away.


Message History

a +0 short sword; a +0 leather armour
Found a pair of gloves.
No target in view!
No target in view!
Done exploring.
No target in view!
Done exploring.
No target in view!
No target in view!
No target in view!
Done exploring.
No target in view!
Done exploring.
You see here a +0 dagger.
There is a stone staircase leading down here.
There is a stone staircase leading down here.
You climb downwards.
Found 7 stones.
There is a stone staircase leading up here.
You open the door.
Found a stone staircase leading down.
There is an open door here.
No target in view!
Found 4 poisoned darts.
No target in view!
Found a stone staircase leading down.
No target in view!
No target in view!
Ijyb the Twisted Goblin comes into view.
She is wielding a +0 club and carrying a wand of light (13).
An iguana comes into view.
The iguana hisses angrily.
Found a chain mail.
The iguana bites you!
You barely miss the iguana. The iguana bites you.
Ijyb screams, "Get away!"
The iguana closely misses you.
You closely miss the iguana. The iguana bites you.
Ijyb zaps a wand.
The bolt of light hits you!!
* * * LOW HITPOINT WARNING * * *
The iguana bites you!
You die...

### #.### #.. ...[# ##+##
#.# #.#.# ##(..###.#
#.#.# ##.....##.# ##.#.#
##.......#.# #.g#.#
#..........###....#######
+..........>.............
#...............@.######
##.......###.....l.#
##.....## #.....#.#
##...## ##>..##.# ##'##
##### # #.# #####.######
...<.......# ..(.....##.#


You could see Ijyb and an iguana.

Vanquished Creatures
  An ogre (D:4)
  5 adders
  3 worms
  3 dart slugs
  2 orcs
  8 bats
  4 endoplasms
  3 giant cockroaches
  5 goblins
  3 hobgoblins
  3 ball pythons
  3 kobolds
  6 rats
49 creatures vanquished.

Vanquished Creatures (collateral kills)
  Blork the orc (D:4)
  2 orc priests (D:4)
  2 adders
  A white imp (D:3)
  An ufetubus (D:4)
  9 orcs
  2 bats (D:3)
  2 endoplasms (D:3)
  A giant cockroach (D:1)
  4 goblins
  3 hobgoblins
  2 quokkas
  3 ball pythons
  3 kobolds
  5 rats
41 creatures vanquished.

Grand Total: 90 creatures vanquished

Notes
Turn   | Place    | Note
-------+----------+-------------------------------------------
     0 | D:1      | ChadusMaximus the Barachi Summoner began the quest for the
                  | Orb.
     0 | D:1      | Reached XP level 1. HP: 13/13 MP: 3/3
   167 | D:1      | Reached skill level 5 in Summonings
   225 | D:1      | Reached XP level 2. HP: 19/19 MP: 1/5
   534 | D:1      | Found a faded altar of an unknown god.
   991 | D:2      | Reached XP level 3. HP: 24/24 MP: 7/7
  1135 | D:2      | Identified the +0 ring mail "Rous" {rC+++ Str+4 Int-4}
  1332 | D:2      | Reached skill level 6 in Summonings
  1505 | D:2      | Reached XP level 4. HP: 23/30 MP: 6/8
  2334 | D:3      | Reached XP level 5. HP: 35/35 MP: 5/10
  2396 | D:3      | Learned a level 3 spell: Call Canine Familiar
  2399 | D:3      | Learned a level 2 spell: Call Imp
  2848 | D:4      | Reached skill level 7 in Summonings
  2998 | D:4      | Noticed Blork the orc
  3009 | D:4      | Reached XP level 6. HP: 41/41 MP: 11/11
  3027 | D:4      | Killed Blork the orc
  3343 | D:4      | Reached skill level 8 in Summonings
  3522 | D:4      | Found an ancient bone altar of Kikubaaqudgha.
  3767 | D:5      | Entered Level 5 of the Dungeon
  3788 | D:5      | Noticed Ijyb
  3793 | D:5      | HP: 2/41 [Ijyb/bolt of light (20)]
  3793 | D:5      | Mangled by an iguana

Illustrated notes

Levels and vault maps discovered:
D:1:      lemuel_arrival_tunnels, layout_basic, serial_aquarium,
          aquarium_bridge_square [aquarium_subvault_wall,
          aquarium_subvault_wall, aquarium_subvault_wall,
          aquarium_subvault_bridge], aquarium_bridge_straight
          [aquarium_subvault_bridge, aquarium_subvault_wall,
          aquarium_subvault_bridge, aquarium_subvault_balcony],
          aquarium_window_fake, aquarium_window_corridor_3,
          aquarium_window_fake, aquarium_window_fake, aquarium_view_2a,
          aquarium_balcony_5a, aquarium_pool_four,
          shapermc_ecumenical_altar_mp_urbaneastern
D:2:      layout_loops_corners, st_stairs_13, patterned_corridor
D:3:      layout_rooms, kennysheep_nondescript, minmay_starry_boxes
D:4:      layout_basic, mainiacjoe_overflow_alcove_1, uniq_blork_the_orc
D:5:      layout_loops_corners, lightli_temple_of_fire, cheibrodos_gnoll_hut,
          uniq_ijyb

Skill      XL: |  1  2  3  4  5  6 |
---------------+-------------------+-----
Summonings     | 5 6 7 8 |  8.2
Spellcasting   | 3 4 |  4.3
Dodging        | |  2.2
Stealth        | |  1.7

Action                     |  1- 3 |  4- 6 || total
---------------------------+-------+-------++-------
  Melee: Unarmed           |    99 |       ||    99
         Punch             |     2 |     2 ||     4
         Mace              |    78 |   124 ||   202
         Battleaxe         |       |    19 ||    19
   Cast: Summon Small Mamm |    23 |    14 ||    37
         Call Canine Famil |       |     7 ||     7
         Call Imp          |       |     5 ||     5
Ability: Hop               |       |     2 ||     2
   Stab: Sleeping          |     7 |     4 ||    11
 Armour: Robe              |    42 |    55 ||    97
  Dodge: Dodged            |   149 |   138 ||   287
